[Event "*** SCC Grand Prix: Titled Tuesday Blitz"]
[Site "Chess.com"]
[Date "2020.06.23"]
[Round "3"]
[White "SharapovEvgeny"]
[Black "Gurvich_Vitaly"]
[Result "1/2-1/2"]
[WhiteElo "2373"]
[BlackElo "2546"]
[TimeControl "180+1"]
[EndTime "10:28:30 PDT"]
[Termination "Game drawn by repetition"]

1. e4 c5 2. Nf3 Nc6 3. d4 cxd4 4. Nxd4 e5 5. Nb5 d6 6. c4 a6 7. N5a3 Be7 8. Nc3 f5 9. exf5 Bxf5 10. Bd3 Be6 11.
O-O Nf6 12. Nc2 O-O 13. Ne3 Nd4 14. b3 Rc8 15. Bb2 Qd7 16. Ne4 b5 17. Nxf6+ Bxf6 18. Nd5 Bxd5 19. cxd5 g6 20. Qd2 Rfe8 21. Be4 Rc7 22.
Rac1 Rec8 23. Rxc7 Rxc7 24. Rc1 Rxc1+ 25. Bxc1 Qc7 26. Kf1 a5 27. Bb2 b4 28. Qc1 Qxc1+ 29.
Bxc1 Kg7 30. Bd3 Kf7 31. f3 Ke7 32. Bd2 Kd7 33. Kf2 Kc7 34. Be3 Kb6 35. Bxd4+ exd4 36. Ke2 Kc5 37. Be4 Kb6 38. Kd3 Kc5 39. f4 Bg7 40. g4 Bf6 41. g5 Bg7 42. h4 Kb6 43. h5 gxh5 44. Bxh7 h4 45. Bf5 Kc7 46. Bh3 Kd8 47. f5 Be5 48. f6 Ke8 49. Ke4 Kf8 50. Bg4 Kg8 51. Kf5 d3 52. Ke4 d2 53. Kd3 Bc3 54. Kc2 Kf7 55. Bh5+ Kf8 56. Bg4 Kf7 57. Bh5+ Kf8 58.
Bg4 Kf7 1/2-1/2

[Event "*** SCC Grand Prix: Titled Tuesday Blitz"]
[Site "Chess.com"]
[Date "2020.06.23"]
[Round "3"]
[White "czasnaszachy"]
[Black "PattyCastillo"]
[Result "1-0"]
[WhiteElo "2254"]
[BlackElo "1912"]
[TimeControl "180+1"]
[EndTime "10:28:30 PDT"]
[Termination "czasnaszachy won on time"]

1. d4 d5 2. c4 c6 3. Nc3 Nf6 4. Nf3 e6 5. Bg5 h6 6. Bh4 dxc4 7. e4 g5 8. Bg3 b5 9. a4 b4 10. Nb1 Nxe4 11. Bxc4 Bb7 12. O-O c5 13. Bb5+ Nc6 14. Re1 Nxg3 15. hxg3 Be7 16. Ne5 Rc8 17. Qh5 O-O 18.
Qxh6 Nxd4 19. Bd3 Nf5 20. Qh5 Bf6 21. Ng4 Bg7 22. Bc2 Qc7 23. Ne3 Qe5 24. Re2 Qf6 25. g4 Qh6 26. Bxf5 1-0

[Event "*** SCC Grand Prix: Titled Tuesday Blitz"]
[Site "Chess.com"]
[Date "2020.06.23"]
[Round "3"]
[White "kleinebeer98"]
[Black "Fandorine"]
[Result "1/2-1/2"]
[WhiteElo "2668"]
[BlackElo "2896"]
[TimeControl "180+1"]
[EndTime "10:28:32 PDT"]
[Termination "Game drawn by repetition"]

1. e4 e5 2. Nf3 Nc6 3. Nc3 Nf6 4. a3 d6 5. d4 exd4 6. Nxd4 Bd7 7. g3 g6 8. Bg2 Bg7 9. Nb3 O-O 10. O-O Re8 11. h3 a5 12. Be3 a4 13. Nd2 Qc8 14. Kh2 Ra5 15. Nd5 Nxd5 16. exd5 Ne7 17. Nc4 Ra8 18. Bd4 Bb5 19. Bxg7 Kxg7 20. Re1 Qf5 21. Qd2 Bxc4 22. Qc3+ Qf6 23. Qxc4 Rac8 24. Qxa4 Red8 25. c3 h5 26. h4 Ng8 27. Re2 Nh6 28. Bh3 Re8 29. Rxe8 Rxe8 30. Qxe8 Qxf2+ 31. Kh1 Qxg3 32. Qd7 Ng4 33.
Bxg4 hxg4 34. Qe7 Qh3+ 35. Kg1 Qg3+ 36. Kf1 Qf3+ 37. Kg1 Qg3+ 38. Kh1 Qh3+ 39. Kg1 Qg3+ 1/2-1/2

[Event "*** SCC Grand Prix: Titled Tuesday Blitz"]
[Site "Chess.com"]
[Date "2020.06.23"]
[Round "3"]
[White "Savva09022009"]
[Black "wannabe2700"]
[Result "1-0"]
[WhiteElo "2444"]
[BlackElo "2690"]
[TimeControl "180+1"]
[EndTime "10:28:32 PDT"]
[Termination "Savva09022009 won by checkmate"]

1. d4 f5 2. Nc3 Nf6 3. Bg5 e6 4. e4 fxe4 5. Nxe4 Be7 6. Bxf6 Bxf6 7. Nf3 O-O 8. Bd3 Nc6 9. c3 d6 10. O-O e5 11. Nxf6+ Qxf6 12. dxe5 Nxe5 13. Nxe5 Qxe5 14. Qc2 g6 15. Rae1 Qg5 16. Qb3+ Kg7 17. Re3 c6 18.
Rfe1 d5 19. Re7+ Rf7 20. Rxf7+ Kxf7 21. Qb4 Qf6 22. Re3 a5 23. Qc5 Bf5 24. Qb6 Kg8 25.
Qxb7 Rf8 26. Bxf5 Qxf5 27. f3 Qb1+ 28. Kf2 Qxa2 29. Re7 Rf6 30. Rg7+ Kf8 31. Qe7# 1-0

[Event "*** SCC Grand Prix: Titled Tuesday Blitz"]
[Site "Chess.com"]
[Date "2020.06.23"]
[Round "3"]
[White "Moon_stone123"]
[Black "winniethepooh04"]
[Result "1-0"]
[WhiteElo "2467"]
[BlackElo "1199"]
[TimeControl "180+1"]
[EndTime "10:28:32 PDT"]
[Termination "Moon_stone123 won by checkmate"]

1. e4 c5 2. Nf3 d6 3. d4 cxd4 4. Nxd4 Nf6 5. Nc3 a6 6. Bg5 e6 7. f4 Be7 8. Qd3 Qc7 9. O-O-O Nc6 10. Kb1 Bd7 11. Be2 b5 12. a3 b4 13. Nxc6 Bxc6 14. axb4 Rb8 15. Qxa6 Rxb4 16. Bb5 Bxb5 17. Nxb5 Qb8 18.
Bxf6 gxf6 19. Qc6+ Kf8 20. c4 Kg7 21. e5 Rc8 22.
Qd7 Rcxc4 23. Rd2 Rxb5 24. Qxe7 Rcb4 25. Qxf6+ Kg8 26. exd6 Rf5 27. Qc3 Rfxf4 28. d7 Rfc4 29. d8=Q+ Qxd8 30. Rxd8# 1-0

[Event "*** SCC Grand Prix: Titled Tuesday Blitz"]
[Site "Chess.com"]
[Date "2020.06.23"]
[Round "3"]
[White "Carolina-moon"]
[Black "AlphaZ3r0"]
[Result "1-0"]
[WhiteElo "2042"]
[BlackElo "2282"]
[TimeControl "180+1"]
[EndTime "10:28:32 PDT"]
[Termination "Carolina-moon won by resignation"]

1. Nc3 d5 2. e4 dxe4 3. Nxe4 Bf5 4. Ng3 Bg6 5. d4 Nf6 6. Nf3 e6 7. h4 h6 8. h5 Bh7 9. Bd3 Bxd3 10. Qxd3 c6 11.
Bd2 Bd6 12. Ne4 Nxe4 13. Qxe4 Nd7 14. O-O-O Nf6 15. Qe2 b5 16. Ne5 Qb6 17. Qf3 Rc8 18.
Rhe1 a5 19. g4 a4 20. g5 hxg5 21. Bxg5 a3 22. Bxf6 axb2+ 23. Kb1 gxf6 24. Qxf6 Rf8 25. Nxf7 Be7 26. Qxe6 Qc7 27. Nd6+ Kd8 28. Nxc8 1-0

[Event "*** SCC Grand Prix: Titled Tuesday Blitz"]
[Site "Chess.com"]
[Date "2020.06.23"]
[Round "3"]
[White "verdest"]
[Black "Chernov_Mikhail"]
[Result "1-0"]
[WhiteElo "2549"]
[BlackElo "2354"]
[TimeControl "180+1"]
[EndTime "10:28:33 PDT"]
[Termination "verdest won by resignation"]

1. d4 d5 2. c4 Nc6 3. Nf3 Bg4 4. Nc3 e6 5. e3 Bb4 6. Bd2 Nf6 7. Bd3 O-O 8. O-O Bxc3 9. Bxc3 Ne4 10. h3 Bh5 11.
Rc1 Ne7 12. Bb4 c6 13. Be2 f5 14. Ne5 Bxe2 15. Qxe2 a5 16. Ba3 Rf6 17. Rfd1 Ng6 18. Nd3 f4 19. f3 Ng3 20. Qe1 Qc7 21. Kh2 h5 22. exf4 Nxf4 23. Nxf4 Rxf4 24. Qxe6+ Kh8 25. Bd6 1-0

[Event "*** SCC Grand Prix: Titled Tuesday Blitz"]
[Site "Chess.com"]
[Date "2020.06.23"]
[Round "3"]
[White "cholzan"]
[Black "AwareIdea"]
[Result "1/2-1/2"]
[WhiteElo "2333"]
[BlackElo "2518"]
[TimeControl "180+1"]
[EndTime "10:28:33 PDT"]
[Termination "Game drawn by repetition"]

1. d4 d5 2. c4 e6 3. Nf3 Nf6 4. g3 dxc4 5. a4 c5 6. Bg2 Nc6 7. O-O cxd4 8. Nbd2 Na5 9. Qc2 d3 10. exd3 Qxd3 11. Qxd3 cxd3 12. Ne5 Bb4 13. Nxd3 Bxd2 14. Bxd2 Nb3 15. Rad1 Nxd2 16. Rxd2 Ke7 17. Rc1 Rd8 18. Rc7+ Rd7 19. Rdc2 Kd8 20. Rxd7+ Nxd7 21. a5 Rb8 22. Nb4 Ne5 23. f4 Ng6 24. Nd3 b6 25. Nb4 Bd7 26. a6 Ne7 27. Bb7 Bc8 28. Be4 Bd7 29. Bb7 Bc8 30. Rd2+ Kc7 31. Be4 Bd7 32. Rc2+ Kd8 33. Bb7 1/2-1/2

[Event "*** SCC Grand Prix: Titled Tuesday Blitz"]
[Site "Chess.com"]
[Date "2020.06.23"]
[Round "3"]
[White "Roman_Ovetchkin"]
[Black "DrVelja"]
[Result "1-0"]
[WhiteElo "2575"]
[BlackElo "2828"]
[TimeControl "180+1"]
[EndTime "10:28:34 PDT"]
[Termination "Roman_Ovetchkin won on time"]

1. d4 Nf6 2. c4 g6 3. Nc3 Bg7 4. e4 d6 5. Nf3 O-O 6. Be2 Na6 7. O-O e5 8. d5 Nc5 9. Qc2 a5 10. Bg5 h6 11. Be3 Nfd7 12. Nd2 f5 13. f3 f4 14. Bf2 g5 15. b3 h5 16. a3 Na6 17.
Qd1 Nf6 18. b4 Qe8 19. c5 g4 20. cxd6 cxd6 21. Bh4 Bd7 22. Nc4 gxf3 23. gxf3 Bh3 24.
Rf2 axb4 25. axb4 Nxb4 26. Rb1 Na6 27. Bf1 Bxf1 28. Qxf1 Qe7 29. Nb5 Rad8 30. Kh1 Kh8 31. Qh3 Nc5 32. Rg2 Rg8 33. Rbg1 1-0

[Event "*** SCC Grand Prix: Titled Tuesday Blitz"]
[Site "Chess.com"]
[Date "2020.06.23"]
[Round "3"]
[White "Panterov"]
[Black "gm_rashid"]
[Result "1-0"]
[WhiteElo "2167"]
[BlackElo "2332"]
[TimeControl "180+1"]
[EndTime "10:28:34 PDT"]
[Termination "Panterov won by resignation"]

1. e4 e5 2. Nf3 Nc6 3. d4 exd4 4.
Nxd4 Nf6 5. Nxc6 bxc6 6. Bd3 d5 7. e5 Ng4 8. O-O Bc5 9. Qe2 O-O 10. h3 Nxf2 11.
Rxf2 f6 12. Be3 Bxe3 13. Qxe3 Re8 14. Nd2 Rxe5 15. Qc5 Qd6 16. Nb3 a5 17. a4 Bd7 18.
Qc3 Rg5 19. Rf3 Qe5 20. Re1 Qxc3 21. bxc3 Re5 22. Rfe3 Rxe3 23. Rxe3 Kf7 24. Kf2 g6 25. c4 f5 26. g3 Rb8 27. Re5 Kf6 28. Re1 Rb4 29. Nc5 Bc8 30. c3 Rb2+ 31. Re2 Rxe2+ 32. Bxe2 Ke5 33. Nb3 Be6 34. Nxa5 Kd6 35. Ke3 Kc5 36. Nb3+ Kd6 37. c5+ Ke5 38. Nd4 Bd7 39. a5 g5 40.
a6 1-0

[Event "*** SCC Grand Prix: Titled Tuesday Blitz"]
[Site "Chess.com"]
[Date "2020.06.23"]
[Round "3"]
[White "ljuks68"]
[Black "Herracek"]
[Result "0-1"]
[WhiteElo "2387"]
[BlackElo "2572"]
[TimeControl "180+1"]
[EndTime "10:28:37 PDT"]
[Termination "Herracek won on time"]

1. e4 c5 2. Nf3 Nc6 3. d4 cxd4 4.
Nxd4 e5 5. Nb5 a6 6. Nd6+ Bxd6 7. Qxd6 Qe7 8. Qd1 Nf6 9. Nc3 d6 10. Bg5 Be6 11. Nd5 Bxd5 12. exd5 Nb8 13. c4 O-O 14. Be2 a5 15. O-O h6 16. Be3 Na6 17. b3 Nd7 18. a3 f5 19. f3 Rae8 20. Re1 f4 21.
Bf2 Ndc5 22. Rb1 e4 23. fxe4 Nxe4 24. Bd4 Qh4 25. Bg4 f3 26. gxf3 Ng5 27. Bf2 Nh3+ 28.
Bxh3 Qxh3 29. Rxe8 Rxe8 30. b4 axb4 31. axb4 Re5 32.
c5 Qf5 33. cxd6 Rxd5 34. Qb3 Kh7 35. Rd1 Nxb4 36. Rxd5 Nxd5 37. Qc4 Nf6 38. Qd4 b5 39. Bg3 Kg6 0-1

[Event "*** SCC Grand Prix: Titled Tuesday Blitz"]
[Site "Chess.com"]
[Date "2020.06.23"]
[Round "3"]
[White "KyrgyzFighter"]
[Black "Stronger1799"]
[Result "1-0"]
[WhiteElo "2284"]
[BlackElo "2487"]
[TimeControl "180+1"]
[EndTime "10:28:38 PDT"]
[Termination "KyrgyzFighter won on time"]

1. c4 Nf6 2. Nc3 g6 3. e4 e5 4.
Nf3 Nc6 5. d4 exd4 6. Nxd4 Bg7 7. Nxc6 bxc6 8. Bd3 O-O 9. O-O Re8 10. Re1 Rb8 11. e5 Nh5 12. f4 d6 13. g4 Nxf4 14. Bxf4 dxe5 15. Bg3 Rxb2 16. Be4 Rd2 17. Qf3 f5 18. gxf5 gxf5 19. Bxc6 e4 20. Qh5 Rf8 21. Nd5 Kh8 22. Bxc7 Rxd5 23. Bxd8 Rdxd8 24. Rad1 Rxd1 25. Rxd1 e3 26. Re1 f4 27. Qf3 Rf6 28. Qd5 Rg6+ 29. Kh1 Be6 30. Qd8+ Bg8 31. Bd5 Be5 32. Rg1 1-0

[Event "*** SCC Grand Prix: Titled Tuesday Blitz"]
[Site "Chess.com"]
[Date "2020.06.23"]
[Round "3"]
[White "NotFischer"]
[Black "GianmarcoVaR"]
[Result "1-0"]
[WhiteElo "2205"]
[BlackElo "2389"]
[TimeControl "180+1"]
[EndTime "10:28:38 PDT"]
[Termination "NotFischer won on time"]

1. Nf3 Nf6 2. g3 d5 3. Bg2 c6 4. d4 Bg4 5. O-O Nbd7 6. Ne5 Bh5 7. c4 e6 8. Nc3 Nxe5 9. dxe5 Nd7 10. cxd5 cxd5 11. Qa4 Bc5 12. b3 O-O 13. Bb2 a6 14.
Qf4 b5 15. Rac1 Rc8 16. g4 Bg6 17. Rfd1 Qh4 18. e3 Rfd8 19. Ne2 h6 20. a4 bxa4 21. bxa4 Rb8 22. Bd4 Qe7 23. Bxc5 Nxc5 24. Ra1 Rdc8 25. Qg3 Nd3 26. h4 Bh7 27. Nf4 1-0

[Event "*** SCC Grand Prix: Titled Tuesday Blitz"]
[Site "Chess.com"]
[Date "2020.06.23"]
[Round "3"]
[White "VMikhalevski"]
[Black "Artyom_ChessMate"]
[Result "1-0"]
[WhiteElo "2780"]
[BlackElo "2515"]
[TimeControl "180+1"]
[EndTime "10:28:39 PDT"]
[Termination "VMikhalevski won by resignation"]

1. Nf3 d5 2. g3 Nf6 3. Bg2 e6 4. O-O Be7 5. c4 O-O 6. b3 b6 7.
cxd5 Nxd5 8. Bb2 Bb7 9. d4 Nd7 10. Nbd2 N5f6 11. Re1 c5 12. e4 Rc8 13. Qe2 cxd4 14.
Nxd4 e5 15. Nf5 Rc2 16. Bc1 Nc5 17. Ne3 Ba6 18. Qd1 Rc3 19. Bb2 Rd3 20. Nd5 Nxd5 21. exd5 Bg5 22. Re2 Re8 23. Qe1 Bxd2 24. Rxd2 Rxd2 25.
Qxd2 e4 26. Qd4 f6 27. Rd1 Qd6 28. Ba3 Bd3 29. Re1 Rd8 30. Bxe4 Bxe4 31. Rxe4 Qxd5 32. Re8+ Kf7 33. Rxd8 1-0

[Event "*** SCC Grand Prix: Titled Tuesday Blitz"]
[Site "Chess.com"]
[Date "2020.06.23"]
[Round "3"]
[White "chipmunknau"]
[Black "Kopytkin"]
[Result "1-0"]
[WhiteElo "2601"]
[BlackElo "2392"]
[TimeControl "180+1"]
[EndTime "10:28:40 PDT"]
[Termination "chipmunknau won on time"]

1. Nf3 c6 2. c4 d5 3. e3 Nf6 4. Nc3 a6 5. a4 g6 6. d4 Bg7 7. h3 O-O 8. Bd3 a5 9. cxd5 Nxd5 10. O-O Na6 11. e4 Nxc3 12. bxc3 c5 13. e5 Be6 14. Ng5 Bc8 15. Bc4 h6 16. Ne4 cxd4 17.
cxd4 Nb4 18. Bb2 Bf5 19. Ng3 Qc8 20. Rc1 Qd7 21. Qf3 Rfd8 22. Nxf5 Qxf5 23. Qxb7 Rdb8 24. Qxe7 Nc6 25. Qc7 Nd8 26. Bc3 Rb7 27. Qc5 Bf8 28.
Qd5 Ne6 29. Qxb7 Rd8 30. Qb6 Qg5 31. Bxe6 fxe6 32. Qxe6+ Kh7 33. Bxa5 Ra8 34. Rc7+ Kh8 35. Qf7 1-0

[Event "*** SCC Grand Prix: Titled Tuesday Blitz"]
[Site "Chess.com"]
[Date "2020.06.23"]
[Round "3"]
[White "Zkid"]
[Black "Konavets"]
[Result "1-0"]
[WhiteElo "2723"]
[BlackElo "3006"]
[TimeControl "180+1"]
[EndTime "10:28:41 PDT"]
[Termination "Zkid won by resignation"]

1. e4 c6 2. d4 d5 3. exd5 cxd5 4. Bd3 Qc7 5. Ne2 Nc6 6. c3 Bg4 7. O-O e6 8. Qe1 Bd6 9. f3 Bh5 10. Qh4 Bg6 11. Bxg6 fxg6 12. Qh3 Kf7 13. Re1 Re8 14. Nd2 Nf6 15. f4 Rhf8 16. Nf3 Kg8 17. Ng3 Bxf4 18. Bxf4 Qxf4 19. Rxe6 Ng4 20. Rae1 Rxe6 21. Rxe6 h5 22. Nf1 Qc1 23. Rxg6 Qxb2 24. Qh4 Qxc3 25. Qxh5 Nf6 26. Qg5 Rf7 27. Qe3 Qb4 28. h3 Qe7 29. Qb3 Qe2 30. Ng3 Qe6 31. Kh2 Rd7 32. Rg5 Re7 33. Nf5 Rd7 34.
N3h4 Ne4 35. Rg6 Qe8 36. Qf3 Qb8+ 37. Kg1 Qf8 38. Nh6+ Kh7 39. Qxf8 1-0

[Event "*** SCC Grand Prix: Titled Tuesday Blitz"]
[Site "Chess.com"]
[Date "2020.06.23"]
[Round "3"]
[White "Tsyhanchuk_Stanislav"]
[Black "Loveforever_Pepi"]
[Result "1-0"]
[WhiteElo "2375"]
[BlackElo "2175"]
[TimeControl "180+1"]
[EndTime "10:28:41 PDT"]
[Termination "Tsyhanchuk_Stanislav won on time"]

1. e4 c5 2. Nf3 d6 3. d4 cxd4 4.
Nxd4 Nf6 5. Nc3 g6 6. Be3 Bg7 7. f3 O-O 8. Qd2 Nc6 9. Bc4 Bd7 10. O-O-O Ne5 11. Bb3 Qa5 12. Kb1 Rfc8 13. h4 Rab8 14. h5 Nxh5 15. Bh6 Bxh6 16. Qxh6 Rxc3 17. bxc3 Qxc3 18.
g4 Nf6 19. Nf5 Bxf5 20. gxf5 Nc4 21. Qc1 b5 22. Rd3 Qe5 23. fxg6 fxg6 24. f4 Qxe4 25. Re3 Qd4 26. Rxe7 Nd5 27. Rexh7 Nc3+ 28. Ka1 Ne2+ 29. c3 Nxc3 30. Bxc4+ bxc4 31. Rh8+ Kg7 32. Rxb8 Nb5+ 33. Qb2 1-0

[Event "*** SCC Grand Prix: Titled Tuesday Blitz"]
[Site "Chess.com"]
[Date "2020.06.23"]
[Round "3"]
[White "imdarealist"]
[Black "Michaelson_11"]
[Result "1-0"]
[WhiteElo "2312"]
[BlackElo "2049"]
[TimeControl "180+1"]
[EndTime "10:28:41 PDT"]
[Termination "imdarealist won by checkmate"]

1. d4 Nf6 2. Bf4 d5 3. e3 c5 4.
dxc5 Nc6 5. Bb5 e6 6. b4 a5 7. c3 Ne4 8. Nf3 Bd7 9. Bxc6 Bxc6 10. O-O g5 11. Be5 f6 12. Bg3 h5 13. h4 Bg7 14. Nd4 Qe7 15. Qc2 f5 16. hxg5 Kf7 17. Nf3 axb4 18. Nd4 bxc3 19. Nxc3 Bxd4 20. Nxe4 dxe4 21.
exd4 Qxg5 22. Qc1 Qg6 23. Qf4 Rac8 24. Rab1 Rhg8 25. Rfe1 h4 26. Qxh4 Rh8 27. Qf4 Qh5 28. f3 exf3 29. Qd6 fxg2 30. Qxe6+ Kg7 31. Be5+ Kh7 32.
Qe7+ Kh6 33. Qg7# 1-0

[Event "*** SCC Grand Prix: Titled Tuesday Blitz"]
[Site "Chess.com"]
[Date "2020.06.23"]
[Round "3"]
[White "Violord"]
[Black "Anuar_Is"]
[Result "0-1"]
[WhiteElo "2623"]
[BlackElo "2841"]
[TimeControl "180+1"]
[EndTime "10:28:42 PDT"]
[Termination "Anuar_Is won on time"]

1. e4 c5 2. Nf3 Nc6 3. Bb5 g6 4.
Bxc6 bxc6 5. O-O Bg7 6. Re1 Rb8 7. c3 Nf6 8. e5 Nd5 9. d4 cxd4 10. Qxd4 O-O 11.
Qxa7 Rb7 12. Qa4 Qb6 13. Nbd2 d6 14. exd6 exd6 15. Nc4 Qc7 16. Qa5 Qb8 17. Qa3 c5 18. Qa4 Be6 19. Ne3 Nxc3 20. bxc3 Bxc3 21. Bd2 Bxa1 22. Rxa1 Rb1+ 23. Rxb1 Qxb1+ 24. Be1 d5 25. h4 d4 26. Nf1 Bd5 27. Bd2 Bxf3 28. gxf3 Qf5 29. Qc4 Rc8 30. f4 Qe6 31. Qd3 Qxa2 32. f5 Qd5 33. fxg6 hxg6 34. Ne3 Qf3 35. Qa6 Rb8 36.
Qa7 Rb1+ 37. Nf1 Qg4+ 38. Kh2 Rxf1 39. Qb8+ Kh7 0-1

[Event "*** SCC Grand Prix: Titled Tuesday Blitz"]
[Site "Chess.com"]
[Date "2020.06.23"]
[Round "3"]
[White "Fusikk"]
[Black "profofchess"]
[Result "1/2-1/2"]
[WhiteElo "2552"]
[BlackElo "2385"]
[TimeControl "180+1"]
[EndTime "10:28:44 PDT"]
[Termination "Game drawn by repetition"]

1. e4 e6 2. d4 d5 3. Nd2 Nf6 4. e5 Nfd7 5. Bd3 c5 6. c3 Nc6 7. Ne2 cxd4 8. cxd4 f6 9. exf6 Nxf6 10.
Nf3 Bd6 11. O-O Qc7 12. Bg5 O-O 13. Qc2 Nb4 14. Qxc7 Bxc7 15. Bb1 Bd7 16. a3 Bb5 17. Re1 Nd3 18. Bxd3 Bxd3 19. Nf4 Bxf4 20. Bxf4 Ne4 21. Be3 Rac8 22. Rac1 Nd6 23. Rxc8 Rxc8 24. Rc1 Rxc1+ 25. Bxc1 Be4 26. Ne5 Nf5 27. Be3 Kf8 28. Kf1 Ke7 29. g4 Nxe3+ 30. fxe3 Kd6 31. g5 a5 32. Ke2 b6 33. b4 axb4 34. axb4 Ke7 35. Kf2 Kd6 36. Kg3 Ke7 37. Kf4 Kd6 38. h4 Bc2 39. h5 Be4 40. h6 gxh6 41. gxh6 Ke7 42. Kg5 Bc2 43. Ng4 Kf7 44. Nh2 Ke7 45. Nf1 Bd3 46. Nd2 Kf7 47.
Nf3 Ke7 48. Ne5 Be4 49. Kh5 Bf5 50. Kh4 Be4 51. Kg5 Bf5 52. Nf3 Be4 53. Ne5 1/2-1/2

[Event "*** SCC Grand Prix: Titled Tuesday Blitz"]
[Site "Chess.com"]
[Date "2020.06.23"]
[Round "3"]
[White "adriangschnitzer"]
[Black "MikaelyanArman"]
[Result "1-0"]
[WhiteElo "2469"]
[BlackElo "2788"]
[TimeControl "180+1"]
[EndTime "10:28:46 PDT"]
[Termination "adriangschnitzer won by resignation"]

1. e4 e5 2. Nf3 Nc6 3. d4 exd4 4. Bc4 d6 5. Nxd4 Nf6 6. Nc3 Be7 7. O-O O-O 8. Re1 Bd7 9. a4 Re8 10. Nf5 Bxf5 11. exf5 Qd7 12. Nd5 Nxd5 13. Qxd5 Bf6 14.
Bf4 Nb4 15. Qxb7 Rab8 16. Rxe8+ Qxe8 17. Qxc7 Rd8 18. c3 d5 19. Bb5 Qe4 20. cxb4 h5 21. Bd2 Qxf5 22. Qxa7 Bxb2 23. Re1 d4 24. Qe7 Rb8 25.
Qe5 Qc8 26. Bd3 Bc3 27. Qxh5 g6 28. Bxg6 fxg6 29. Qxg6+ Kh8 30. Re7 Qg8 31. Qh6+ 1-0

[Event "*** SCC Grand Prix: Titled Tuesday Blitz"]
[Site "Chess.com"]
[Date "2020.06.23"]
[Round "3"]
[White "IsaacWiebe"]
[Black "2346PL"]
[Result "1-0"]
[WhiteElo "2091"]
[BlackElo "2458"]
[TimeControl "180+1"]
[EndTime "10:28:46 PDT"]
[Termination "IsaacWiebe won by checkmate"]

1. d4 f5 2. c4 Nf6 3. Nc3 g6 4. h4 h6 5. Nh3 Bg7 6. Nf4 g5 7.
Ng6 Rg8 8. hxg5 hxg5 9. Bxg5 d6 10. e3 Nc6 11. Bxf6 Bxf6 12. Qh5 Be6 13. Ne5+ Kf8 14. Qh6+ Rg7 15. Ng6+ Ke8 16. Nf4 Bf7 17. c5 d5 18.
Bb5 Rg8 19. Qh2 Qd7 20. O-O-O a6 21. Ba4 b5 22. cxb6 cxb6 23. Kb1 e6 24. Rc1 b5 25.
Bb3 Na5 26. Nd3 Nc4 27. Nc5 Qe7 28. Bxc4 bxc4 29. f3 Bg6 30. f4 Kf7 31. g3 Kg7 32. Qh6+ Kf7 33. Qh2 Rab8 34. Ka1 a5 35. Rb1 Qa7 36.
Qe2 Be7 37. N5a4 Rb4 38. g4 fxg4 39. f5 Bxf5 40. Rbf1 Ke8 41. Nxd5 Be4 42. Ndc3 Bxh1 43. Rxh1 Qd7 44. Rd1 Rxa4 45. Nxa4 Qxa4 46. e4 g3 47. d5 g2 48. Qf2 c3 49. b3 Qxe4 50. dxe6 c2 51.
Qf7# 1-0

[Event "*** SCC Grand Prix: Titled Tuesday Blitz"]
[Site "Chess.com"]
[Date "2020.06.23"]
[Round "3"]
[White "axlbvRR"]
[Black "Julianos82"]
[Result "0-1"]
[WhiteElo "1865"]
[BlackElo "2243"]
[TimeControl "180+1"]
[EndTime "10:28:46 PDT"]
[Termination "Julianos82 won by checkmate"]

1. d4 e6 2. Bf4 b6 3. e3 Bb7 4.
Nf3 f5 5. c4 Nf6 6. Nc3 Bb4 7.
Bd3 O-O 8. O-O Bxc3 9. bxc3 Ne4 10. Rc1 d6 11. Nd2 Nd7 12. f3 Nxd2 13. Qxd2 e5 14. Bg3 Qf6 15. Rce1 Rae8 16. Qf2 f4 17. dxe5 fxg3 18. exf6 gxf2+ 19. Rxf2 Rxf6 20. e4 Ne5 21. Bf1 Ba6 22. Rd2 Bxc4 23. Kf2 Bxf1 24. Kxf1 g5 25. Kg1 Kg7 26. Rf1 Ref8 27. Rdf2 h5 28. h3 a5 29. a3 Kg6 30. Kh2 Kg7 31. Kg3 Nd3 32. Rd2 Nc5 33. Rd5 Nxe4+ 34. Kh2 Kg6 35. Re1 Nc5 36. Re7 R6f7 37. Re3 a4 38. Re2 Rf5 39. Rd4 R8f7 40. Re8 Re5 41. Rg8+ Rg7 42. Rc8 Re2 43. Kg3 h4+ 44.
Kg4 Rxg2# 0-1

[Event "*** SCC Grand Prix: Titled Tuesday Blitz"]
[Site "Chess.com"]
[Date "2020.06.23"]
[Round "3"]
[White "luizwas"]
[Black "Grieve72"]
[Result "0-1"]
[WhiteElo "1802"]
[BlackElo "2241"]
[TimeControl "180+1"]
[EndTime "10:28:46 PDT"]
[Termination "Grieve72 won by checkmate"]

1. e4 c5 2. Nf3 e6 3. d4 cxd4 4.
Nxd4 Nc6 5. Nc3 Qc7 6. Be3 a6 7.
a3 Nf6 8. f3 b5 9. Be2 Bb7 10.
Qd2 Rc8 11. O-O h5 12. Rad1 h4 13. h3 Nh5 14. f4 Ng3 15. f5 Nxf1 16. Rxf1 Bd6 17.
Ndxb5 axb5 18. Nxb5 Bh2+ 19. Kh1 Qe5 20. fxe6 dxe6 21.
Nd4 Rd8 22. Bb5 Qxb5 23. Nxb5 Rxd2 24. Bxd2 Be5 25. b3 Nd4 26. Nxd4 Bxd4 27. c3 Be5 28. Re1 Ke7 29. b4 f6 30. a4 Rd8 31. a5 Rxd2 32. a6 Bxe4 33. b5 Bxg2+ 34. Kg1 Bf3 35. Kf1 Bh2 36. a7 Bg2# 0-1

[Event "*** SCC Grand Prix: Titled Tuesday Blitz"]
[Site "Chess.com"]
[Date "2020.06.23"]
[Round "3"]
[White "51616516516"]
[Black "shnitez"]
[Result "1-0"]
[WhiteElo "2333"]
[BlackElo "2507"]
[TimeControl "180+1"]
[EndTime "10:28:47 PDT"]
[Termination "51616516516 won on time"]

1. d4 Nf6 2. c4 e6 3. Nc3 Bb4 4. Qc2 b6 5. e4 Bb7 6. Bd3 c5 7. d5 exd5 8. exd5 O-O 9. Ne2 d6 10. O-O Re8 11. Bg5 h6 12. Bh4 Bxc3 13. Nxc3 Nbd7 14.
f4 a6 15. a4 Qe7 16. Rf3 Qf8 17. Raf1 Bc8 18. Bf5 Rb8 19. g4 g6 20. g5 Nh7 21.
Bxg6 fxg6 22. Qxg6+ Kh8 23. f5 Ne5 24. Qh5 Nxf3+ 25.
Rxf3 Qg7 26. Qxe8+ Qf8 27. Qg6 hxg5 28. Bxg5 Rb7 29.
Rh3 Rg7 30. Rxh7+ Rxh7 31. Bf6+ 1-0

[Event "*** SCC Grand Prix: Titled Tuesday Blitz"]
[Site "Chess.com"]
[Date "2020.06.23"]
[Round "3"]
[White "Skatchkov_V"]
[Black "Ural_bogatyr"]
[Result "1-0"]
[WhiteElo "2544"]
[BlackElo "2346"]
[TimeControl "180+1"]
[EndTime "10:28:48 PDT"]
[Termination "Skatchkov_V won by resignation"]

1. d4 Nf6 2. c4 e5 3. dxe5 Ng4 4. g3 Nxe5 5. b3 Qf6 6. Nc3 Bb4 7. Bd2 Ng4 8. f3 Bxc3 9. fxg4 Bxa1 10. g5 Qb2 11.
Nf3 O-O 12. Bg2 Qxa2 13. O-O Bb2 14. Qc2 Nc6 15. Kh1 Qa3 16. Rb1 Bd4 17. b4 a5 18.
b5 Nb4 19. Bxb4 axb4 20. Nxd4 d6 21. Qe4 Qc3 22. Rf1 g6 23. b6 cxb6 24. Nb5 b3 25. Nxc3 1-0

[Event "*** SCC Grand Prix: Titled Tuesday Blitz"]
[Site "Chess.com"]
[Date "2020.06.23"]
[Round "3"]
[White "QueenOfTactics90"]
[Black "VladimirBugayev"]
[Result "0-1"]
[WhiteElo "1935"]
[BlackElo "2267"]
[TimeControl "180+1"]
[EndTime "10:28:48 PDT"]
[Termination "VladimirBugayev won on time"]

1. e4 c6 2. d4 d5 3. e5 Bf5 4.
h4 h6 5. c4 e6 6. Ne2 Bb4+ 7.
Bd2 Bxd2+ 8. Nxd2 Bd3 9. Qb3 Bxe2 10. Bxe2 Qb6 11. Qc3 Ne7 12. O-O O-O 13. a4 a5 14.
g4 Rd8 15. c5 Qc7 16. f4 b6 17.
f5 exf5 18. gxf5 bxc5 19. Qxc5 Na6 20. Bxa6 Rxa6 21. f6 Ng6 22. h5 Nf8 23. fxg7 Ne6 24. Qc3 Qe7 25. Rf5 Qh4 26. Raf1 Qg4+ 27. Kh2 Ng5 28.
Qd3 Qxh5+ 29. Kg1 Qg4+ 30. Kf2 Rb6 31. Ke1 Rxb2 32. Rxg5 Qxg5 0-1